| TOP OF THE 1ST |
|
Bluefield Blue Jays batting - Pitching for Pulaski Yankees : RHP Chris McCoy
|
|
Pitching: RHP Chris McCoy
|
|
|
Batting: RHB Jose Ontiveros
|
0-0: Ball 1-0: Ball 2-0: Called Strike 2-1: SINGLE (Line Drive, 4D, EV 99.4 MPH)
|
|
Batting: RHB Tokuji Kawabata
|
0-0: Ball 1-0: Ball 2-0: Ball 3-0: Called Strike 3-1: Fielders Choice at 2nd, 1-6 (Groundball, 13S, EV 64.4 MPH)
|
|
Batting: LHB Cesar Arteaga
|
0-0: Fielders Choice at 2nd, 4-6 (Groundball, 34, EV 81.9 MPH)
|
|
Batting: SHB Jack Andrews
|
0-0: Ball Cesar Arteaga is caught stealing 2nd base 2-6
|
| Top of the 1st over - 0 runs, 1 hit, 0 errors, 0 left on base; Bluefield 0 - Pulaski 0 |
| BOTTOM OF THE 1ST |
|
Pulaski Yankees batting - Pitching for Bluefield Blue Jays : RHP Wade Diamond
|
|
Pitching: RHP Wade Diamond
|
|
|
Batting: LHB Joel Vera
|
0-0: Called Strike 0-1: Ball 1-1: Ball 2-1: Swinging Strike 2-2: Ball 3-2: Ground out 4-3 (Groundball, 4, EV 80.0 MPH)
|
|
Batting: RHB Roberto Tena
|
0-0: Fly out, F4 (Line Drive, 4, EV 70.6 MPH)
|
|
Batting: RHB Bobby Melillo
|
0-0: Called Strike 0-1: Ball 1-1: Ball 2-1: Foul Ball, location: 2F 2-2: Ball 3-2: Base on Balls
|
|
Batting: SHB Blake Abbott
|
0-0: Ball Bobby Melillo steals 2nd base 1-0: Foul Ball, location: 2F 1-1: Called Strike 1-2: Ball 2-2: Foul Ball, location: 2F 2-2: Ball 3-2: Foul Ball, location: 2F 3-2: Foul Ball, location: 2F 3-2: Fly out, F7 (Flyball, 78S, EV 88.1 MPH)
|
| Bottom of the 1st over - 0 runs, 0 hits, 0 errors, 1 left on base; Bluefield 0 - Pulaski 0 |
| TOP OF THE 2ND |
|
Bluefield Blue Jays batting - Pitching for Pulaski Yankees : RHP Chris McCoy
|
|
Batting: SHB Jack Andrews
|
0-0: Called Strike 0-1: Foul Ball, location: 2F 0-2: Foul Ball, location: 2F 0-2: Ground out 3-1 (Groundball, 34, EV 76.3 MPH)
|
|
Batting: LHB Frank Nelson
|
0-0: Ground out 1-3 (Groundball, 13S, EV 63.1 MPH)
|
|
Batting: RHB Mike Johnson
|
0-0: Fly out, F4 (Line Drive, 4, EV 66.9 MPH)
|
| Top of the 2nd over - 0 runs, 0 hits, 0 errors, 0 left on base; Bluefield 0 - Pulaski 0 |
| BOTTOM OF THE 2ND |
|
Pulaski Yankees batting - Pitching for Bluefield Blue Jays : RHP Wade Diamond
|
|
Batting: LHB Dan Morris
|
0-0: Ball 1-0: Ball 2-0: Called Strike 2-1: SINGLE (Line Drive, 4MD, EV 93.8 MPH)
|
|
Batting: RHB Nick Dunton
|
0-0: Ball 1-0: Fly out, F8 (Flyball, 8RD, EV 92.5 MPH)
|
|
Batting: SHB Joe Fure
|
0-0: Called Strike 0-1: Foul Ball, location: 2F 0-2: Ball 1-2: Fly out, F6 (Popup, 6MD, EV 47.5 MPH)
|
|
Batting: RHB Johannes Gutermuth
|
0-0: Ball 1-0: Ball Dan Morris steals 2nd base 2-0: Called Strike 2-1: Called Strike 2-2: Ball 3-2: Foul Ball, location: 2F 3-2: Base on Balls
|
|
Batting: RHB Graham Murphy
|
0-0: Called Strike 0-1: Ball 1-1: Ball 2-1: Called Strike 2-2: Ball Wild Pitch! Dan Morris to third Johannes Gutermuth to second 3-2: Base on Balls
|
|
Batting: LHB Joel Vera
|
0-0: Ball 1-0: Ball 2-0: Foul Ball, location: 2F 2-1: Ball 3-1: Swinging Strike 3-2: SINGLE (Line Drive, 4MD, EV 98.8 MPH) Dan Morris scores Johannes Gutermuth to third Graham Murphy to second Johannes Gutermuth scores Graham Murphy to third
|
|
Batting: RHB Roberto Tena
|
0-0: Ball 1-0: Ball 2-0: Ball 3-0: Called Strike 3-1: Base on Balls Joel Vera to second
|
|
Batting: RHB Bobby Melillo
|
0-0: Called Strike 0-1: Ball 1-1: Foul Ball, location: 2F 1-2: Foul Ball, location: 2F 1-2: SINGLE (Line Drive, 34, EV 98.8 MPH) Graham Murphy scores Joel Vera to third Roberto Tena to second Runner from 3rd tries for Home, SAFE, throw by RF to home
|
|
Batting: SHB Blake Abbott
|
0-0: Ball 1-0: Ball 2-0: Called Strike 2-1: Fielders Choice at 2nd, U6 (Groundball, 6M, EV 103.1 MPH)
|
| Bottom of the 2nd over - 4 runs, 3 hits, 0 errors, 2 left on base; Bluefield 0 - Pulaski 4 |
| TOP OF THE 3RD |
|
Bluefield Blue Jays batting - Pitching for Pulaski Yankees : RHP Chris McCoy
|
|
Batting: SHB Scott Robbins
|
0-0: Ball 1-0: Ball 2-0: Ground out 5-3 (Groundball, 5L, EV 82.5 MPH)
|
|
Batting: RHB Chris Martin
|
0-0: Ball 1-0: Ball 2-0: Called Strike 2-1: Foul Ball, location: 2F 2-2: Ball 3-2: Fly out, F8 (Flyball, 78D, EV 100.0 MPH)
|
|
Batting: RHB David Gamez
|
0-0: Ball 1-0: Foul Ball, location: 2F 1-1: Swinging Strike 1-2: Ball 2-2: Ball 3-2: Ground out 6-3 (Groundball, 56D, EV 78.1 MPH)
|
| Top of the 3rd over - 0 runs, 0 hits, 0 errors, 0 left on base; Bluefield 0 - Pulaski 4 |
| BOTTOM OF THE 3RD |
|
Pulaski Yankees batting - Pitching for Bluefield Blue Jays : RHP Wade Diamond
|
|
Batting: LHB Dan Morris
|
0-0: Foul Ball, location: 2F 0-1: Foul Ball, location: 2F 0-2: Foul Ball, location: 2F 0-2: Ground out 6-3 (Groundball, 6, EV 77.5 MPH)
|
|
Batting: RHB Nick Dunton
|
0-0: Ball 1-0: DOUBLE (Flyball, 78XD, EV 100.0 MPH)
|
|
Batting: SHB Joe Fure
|
0-0: Ball 1-0: Ball 2-0: Foul Ball, location: 2F 2-1: Ball 3-1: Base on Balls
|
|
Batting: RHB Johannes Gutermuth
|
0-0: Ball 1-0: Ground out 5-3 (Groundball, 5S, EV 67.5 MPH) Nick Dunton to third Joe Fure to second
|
|
Batting: RHB Graham Murphy
|
0-0: Swinging Strike 0-1: Ball 1-1: Swinging Strike 1-2: Ball 2-2: Foul Ball, location: 2F 2-2: Ball 3-2: Foul Ball, location: 2F 3-2: Ground out 5-3 (Groundball, 56, EV 110.6 MPH)
|
| Bottom of the 3rd over - 0 runs, 1 hit, 0 errors, 2 left on base; Bluefield 0 - Pulaski 4 |
| TOP OF THE 4TH |
|
Bluefield Blue Jays batting - Pitching for Pulaski Yankees : RHP Chris McCoy
|
|
Batting: RHB Jose Ontiveros
|
0-0: Called Strike 0-1: DOUBLE (Flyball, 89XD, EV 104.4 MPH)
|
|
Batting: RHB Tokuji Kawabata
|
0-0: Ball 1-0: SINGLE (Groundball, 56D, EV 95.6 MPH) Jose Ontiveros to third
|
|
Batting: LHB Cesar Arteaga
|
0-0: Ball 1-0: Foul Ball, location: 2F 1-1: Ball 2-1: Foul Ball, location: 2F 2-2: Ball 3-2: Ground out U3 (Groundball, 3S, EV 69.4 MPH) Jose Ontiveros scores Tokuji Kawabata to second
|
|
Batting: SHB Jack Andrews
|
0-0: Called Strike 0-1: Ball 1-1: Called Strike Tokuji Kawabata steals 3rd base 1-2: Ball 2-2: Fly out, F9 (Flyball, 9S, EV 86.3 MPH)
|
|
Batting: LHB Frank Nelson
|
0-0: Fly out, F6 (Flyball, 6D, EV 85.0 MPH)
|
| Top of the 4th over - 1 run, 2 hits, 0 errors, 1 left on base; Bluefield 1 - Pulaski 4 |
| BOTTOM OF THE 4TH |
|
Pulaski Yankees batting - Pitching for Bluefield Blue Jays : RHP Wade Diamond
|
|
Batting: LHB Joel Vera
|
0-0: Ball 1-0: Ball 2-0: Ball 3-0: Called Strike 3-1: Fly out, F7 (Flyball, 7D, EV 94.4 MPH)
|
|
Batting: RHB Roberto Tena
|
0-0: SINGLE (Line Drive, 56, EV 97.5 MPH)
|
|
Batting: RHB Bobby Melillo
|
0-0: Ball Roberto Tena steals 2nd base (no throw) 1-0: Ground out 4-3 (Groundball, 4, EV 104.4 MPH) Roberto Tena to third
|
|
Batting: SHB Blake Abbott
|
0-0: Called Strike 0-1: Swinging Strike 0-2: Strikes out swinging
|
| Bottom of the 4th over - 0 runs, 1 hit, 0 errors, 1 left on base; Bluefield 1 - Pulaski 4 |
| TOP OF THE 5TH |
|
Bluefield Blue Jays batting - Pitching for Pulaski Yankees : RHP Chris McCoy
|
|
Batting: RHB Mike Johnson
|
0-0: Ball 1-0: Ball 2-0: SINGLE (Groundball, 4S, EV 71.3 MPH) (infield hit)
|
|
Batting: SHB Scott Robbins
|
0-0: Ball 1-0: DOUBLE (Flyball, 89D, EV 111.9 MPH) Mike Johnson to third
|
|
Batting: RHB Chris Martin
|
0-0: Swinging Strike 0-1: Foul Ball, location: 2F 0-2: Ball 1-2: Ball 2-2: Foul Ball, location: 2F 2-2: Ball 3-2: Hit by Pitch
|
|
Batting: RHB David Gamez
|
0-0: Swinging Strike 0-1: Called Strike 0-2: Ball 1-2: Ball Wild Pitch! Mike Johnson scores Scott Robbins to third Chris Martin to second 2-2: Ground out U3 (Groundball, 34, EV 87.5 MPH) Scott Robbins scores Chris Martin to third
|
|
Pinch Hitting: LHB Eddie Muniz
|
0-0: Ball 1-0: Swinging Strike 1-1: Ball 2-1: Ball 3-1: Base on Balls
|
|
Batting: RHB Tokuji Kawabata
|
0-0: Ball 1-0: Ball 2-0: Ball 3-0: Base on Balls Eddie Muniz to second
|
|
Batting: LHB Cesar Arteaga
|
0-0: Ball 1-0: Ball 2-0: Ball 3-0: Called Strike 3-1: Called Strike 3-2: SINGLE (Flyball, 8LS, EV 84.4 MPH) Chris Martin scores Eddie Muniz to third Tokuji Kawabata to second Runner from 3rd tries for Home, throw by CF and OUT! 8-2
|
|
Pitching: RHP David Sauers
|
|
|
Batting: SHB Jack Andrews
|
0-0: Ball 1-0: DOUBLE (Flyball, 8RXD, EV 93.8 MPH) Tokuji Kawabata scores Cesar Arteaga to third Runner from 3rd tries for Home, SAFE, throw by CF to trailing runner, OUT at third! 8-3-5
|
| Top of the 5th over - 5 runs, 4 hits, 0 errors, 0 left on base; Bluefield 6 - Pulaski 4 |
| BOTTOM OF THE 5TH |
|
Pulaski Yankees batting - Pitching for Bluefield Blue Jays : RHP Wade Diamond
|
|
Now in CF: Carlos Bravo
|
|
|
Batting: LHB Dan Morris
|
0-0: Called Strike 0-1: Ball 1-1: Ball 2-1: Ball 3-1: Base on Balls
|
|
Batting: RHB Nick Dunton
|
0-0: Called Strike Dan Morris steals 2nd base 0-1: Ball 1-1: SINGLE (Line Drive, 3L, EV 99.4 MPH) Dan Morris to third
|
|
Batting: SHB Joe Fure
|
0-0: Ball 1-0: Foul Ball, location: 2F 1-1: Fielders Choice at 2nd, U6 (Groundball, 4M, EV 91.9 MPH) Dan Morris scores
|
|
Batting: RHB Johannes Gutermuth
|
0-0: Called Strike Joe Fure steals 2nd, throwing error, E2 Joe Fure to third 0-1: Ball 1-1: Ball Wild Pitch! Joe Fure scores 2-1: Fly out, F6 (Popup, 6, EV 80.6 MPH)
|
|
Batting: RHB Graham Murphy
|
0-0: Ball 1-0: Ball 2-0: Ground out 3-1 (Groundball, 34S, EV 93.8 MPH)
|
| Bottom of the 5th over - 2 runs, 1 hit, 1 error, 0 left on base; Bluefield 6 - Pulaski 6 |
| TOP OF THE 6TH |
|
Bluefield Blue Jays batting - Pitching for Pulaski Yankees : RHP David Sauers
|
|
Batting: LHB Frank Nelson
|
0-0: Ball 1-0: Swinging Strike 1-1: Ball 2-1: Ball 3-1: Base on Balls
|
|
Batting: RHB Mike Johnson
|
0-0: Ball 1-0: Ball 2-0: Called Strike 2-1: Called Strike 2-2: SINGLE (Line Drive, 78S, EV 97.5 MPH) Frank Nelson to second
|
|
Batting: SHB Scott Robbins
|
0-0: Swinging Strike 0-1: Called Strike 0-2: Ball 1-2: Strikes out swinging
|
|
Batting: RHB Chris Martin
|
0-0: Swinging Strike 0-1: Ball 1-1: Ball 2-1: Swinging Strike Passed Ball! Frank Nelson to third Mike Johnson to second 2-2: Strikes out looking
|
|
Batting: RHB David Gamez
|
0-0: Ball 1-0: Called Strike 1-1: Foul Ball, location: 2F 1-2: Ground out 6-3 (Groundball, 6, EV 106.9 MPH)
|
| Top of the 6th over - 0 runs, 1 hit, 0 errors, 2 left on base; Bluefield 6 - Pulaski 6 |
| BOTTOM OF THE 6TH |
|
Pulaski Yankees batting - Pitching for Bluefield Blue Jays : RHP Wade Diamond
|
|
Pitching: LHP Bruce Knight
|
|
|
Batting: LHB Joel Vera
|
0-0: Ball 1-0: Ball 2-0: Foul Ball, location: 2F 2-1: Called Strike 2-2: Ball 3-2: Ground out 4-3 (Groundball, 4, EV 101.3 MPH)
|
|
Batting: RHB Roberto Tena
|
0-0: Called Strike 0-1: Ball 1-1: Ball 2-1: Ball 3-1: Foul Ball, location: 2F 3-2: Base on Balls
|
|
Batting: RHB Bobby Melillo
|
0-0: Ball 1-0: Swinging Strike Roberto Tena is caught stealing 2nd base 2-4 1-1: Called Strike 1-2: Fly out, F5 (Line Drive, 5, EV 66.9 MPH)
|
| Bottom of the 6th over - 0 runs, 0 hits, 0 errors, 0 left on base; Bluefield 6 - Pulaski 6 |
| TOP OF THE 7TH |
|
Bluefield Blue Jays batting - Pitching for Pulaski Yankees : RHP David Sauers
|
|
Pitching: RHP Travis Tate
|
|
|
Batting: RHB Carlos Bravo
|
0-0: Foul Ball, location: 2F 0-1: Ground out 6-3 (Groundball, 6, EV 97.5 MPH)
|
|
Batting: RHB Tokuji Kawabata
|
0-0: Called Strike 0-1: Ball 1-1: Swinging Strike 1-2: Foul Ball, location: 2F 1-2: Foul Ball, location: 2F 1-2: Strikes out swinging
|
|
Pitching: LHP Steve Martin
|
|
|
Batting: RHB Rich Cracchiolo
|
0-0: Ball 1-0: Called Strike 1-1: Ball 2-1: Swinging Strike 2-2: Ball 3-2: SINGLE (Line Drive, 7S, EV 91.3 MPH)
|
|
Batting: SHB Jack Andrews
|
0-0: Ball Rich Cracchiolo is caught stealing 2nd base 2-4
|
| Top of the 7th over - 0 runs, 1 hit, 0 errors, 0 left on base; Bluefield 6 - Pulaski 6 |
| BOTTOM OF THE 7TH |
|
Pulaski Yankees batting - Pitching for Bluefield Blue Jays : LHP Bruce Knight
|
|
Pitching: RHP Dave Kurtz
|
|
|
Batting: SHB Blake Abbott
|
0-0: Hit by Pitch
|
|
Batting: LHB Dan Morris
|
0-0: Ball 1-0: SINGLE (Groundball, 4MD, EV 103.1 MPH) Blake Abbott to second
|
|
Batting: RHB Nick Dunton
|
0-0: Ball 1-0: Ball 2-0: Foul Ball, location: 2F 2-1: Fly out, F8 (Line Drive, 8RD, EV 106.9 MPH)
|
|
Batting: SHB Joe Fure
|
0-0: Ball 1-0: Ball Wild Pitch! Blake Abbott to third Dan Morris to second 2-0: SINGLE (Groundball, 34, EV 96.3 MPH) Blake Abbott scores Dan Morris to third
|
|
Batting: RHB Johannes Gutermuth
|
0-0: Ball Joe Fure steals 2nd base 1-0: Called Strike 1-1: Swinging Strike 1-2: Strikes out swinging
|
|
Batting: RHB Graham Murphy
|
0-0: Ball 1-0: Ball 2-0: Ball 3-0: Fly out, F9 (Flyball, 9LM, EV 87.5 MPH)
|
| Bottom of the 7th over - 1 run, 2 hits, 0 errors, 2 left on base; Bluefield 6 - Pulaski 7 |
| TOP OF THE 8TH |
|
Bluefield Blue Jays batting - Pitching for Pulaski Yankees : LHP Steve Martin
|
|
Now at 1B: Bobby Melillo
|
|
|
Now at 2B: Colby Macon
|
|
|
Now in RF: Nick Dunton
|
|
|
Batting: SHB Jack Andrews
|
0-0: Ball 1-0: Ball 2-0: Called Strike 2-1: Swinging Strike 2-2: Strikes out looking
|
|
Pinch Hitting: RHB Jose Molina
|
0-0: Swinging Strike 0-1: Ground out 5-3 (Groundball, 5, EV 85.0 MPH)
|
|
Pitching: RHP Cale Morris
|
|
|
Pinch Hitting: LHB Lothar Middelkoop
|
0-0: Ball 1-0: Foul Ball, location: 2F 1-1: Ball 2-1: Ball 3-1: Base on Balls
|
|
Batting: SHB Scott Robbins
|
0-0: Called Strike 0-1: Ball 1-1: Ball Lothar Middelkoop steals 2nd base 2-1: Swinging Strike 2-2: Ground out 4-3 (Groundball, 4, EV 85.6 MPH)
|
| Top of the 8th over - 0 runs, 0 hits, 0 errors, 1 left on base; Bluefield 6 - Pulaski 7 |
| BOTTOM OF THE 8TH |
|
Pulaski Yankees batting - Pitching for Bluefield Blue Jays : RHP Dave Kurtz
|
|
Now at 1B: Braydon Pinsent
|
|
|
Now in LF: Carlos Bravo
|
|
|
Now in CF: Scott Robbins
|
|
|
Now in RF: Zach Hillard
|
|
|
Batting: LHB Joel Vera
|
0-0: Ball 1-0: Called Strike 1-1: DOUBLE (Line Drive, 9D, EV 92.5 MPH)
|
|
Batting: RHB Roberto Tena
|
0-0: Ball 1-0: Ball 2-0: Swinging Strike 2-1: Ball 3-1: Ground out 6-3 (Groundball, 6, EV 84.4 MPH) Joel Vera to third
|
|
Batting: RHB Bobby Melillo
|
0-0: Ball 1-0: Foul Ball, location: 2F 1-1: 2-RUN HOME RUN (Flyball, 7D, EV 103.8 MPH), Distance : 382 ft
|
|
Batting: SHB Blake Abbott
|
0-0: Foul Ball, location: 2F 0-1: Foul Ball, location: 2F 0-2: Foul Ball, location: 2F 0-2: Ball 1-2: Foul Ball, location: 2F 1-2: Strikes out looking
|
|
Pitching: RHP Scott Olson
|
|
|
Batting: LHB Dan Morris
|
0-0: Ball 1-0: Swinging Strike 1-1: Foul Ball, location: 2F 1-2: Ball 2-2: SINGLE (Flyball, 89S, EV 92.5 MPH)
|
|
Batting: RHB Nick Dunton
|
0-0: Ball Dan Morris steals 2nd base 1-0: Ball 2-0: Foul Ball, location: 2F 2-1: Foul Ball, location: 2F 2-2: Foul Ball, location: 2F 2-2: Ground out 5-3 (Groundball, 56, EV 89.4 MPH)
|
| Bottom of the 8th over - 2 runs, 3 hits, 0 errors, 1 left on base; Bluefield 6 - Pulaski 9 |
| TOP OF THE 9TH |
|
Bluefield Blue Jays batting - Pitching for Pulaski Yankees : RHP Cale Morris
|
|
Pitching: RHP John Robidoux
|
|
|
Batting: RHB Chris Martin
|
0-0: Foul Ball, location: 2F 0-1: Ball 1-1: Ball 2-1: Ground out 5-3 (Groundball, 56S, EV 82.5 MPH)
|
|
Batting: RHB David Gamez
|
0-0: Called Strike 0-1: Ground out 6-3 (Groundball, P, EV 85.0 MPH)
|
|
Batting: RHB Carlos Bravo
|
0-0: Ball 1-0: Ball 2-0: SINGLE (Groundball, 56D, EV 107.5 MPH)
|
|
Batting: RHB Tokuji Kawabata
|
0-0: Swinging Strike 0-1: Ball 1-1: Swinging Strike 1-2: Strikes out looking
|
| Top of the 9th over - 0 runs, 1 hit, 0 errors, 1 left on base; Bluefield 6 - Pulaski 9 |
|